 Dungeon Crawl Stone Soup version 0.28.0 (webtiles) character file.

Game seed: 18255677242602267128

172 Kaptain the Digger (level 5, 0/33 HPs)
             Began as an Octopode Earth Elementalist on Feb 17, 2022.
             Slain by a jackal (3 damage)
             ... on level 5 of the Dungeon.
             The game lasted 00:10:32 (3450 turns).

Kaptain the Digger (Octopode Earth Elementalist)    Turns: 3450, Time: 00:10:32

Health: 0/33       AC:  1    Str:  8    XL:     5   Next: 52%
Magic:  9/9        EV: 13    Int: 19    God:
Gold:   154        SH:  0    Dex: 12    Spells: 6/10 levels left

rFire   . . .      SeeInvis .   k - +2 dagger (venom)
rCold   . . .      Faith    .   (no shield)
rNeg    . . .      Spirit   .   (helmet restricted)
rPois   .          Reflect  .   (no amulet)
rElec   .          Harm     .   a - ring of flight
rCorr   .          Rampage  .   (no ring)
Will    .....                   (no ring)
Stlth   +++.......              (no ring)
HPRegen 0.11/turn               (no ring)
MPRegen 0.11/turn               (no ring)
                                (no ring)
                                (no ring)

@: mighty, brilliant, attractive, flying
A: almost no armour, amphibious, 8 rings, camouflage 1, gelatinous body 1,
(nimble swimmer 1), tentacles
a: no special abilities


You were on level 5 of the Dungeon.
You visited 1 branch of the dungeon, and saw 6 of its levels.

You collected 154 gold pieces.

Inventory:

Hand Weapons
 d - a +0 spear
 h - a +0 short sword
 k - a +2 dagger of venom (weapon)
Missiles
 b - 130 stones
 i - 6 poisoned darts (quivered)
Armour
 m - a +0 buckler
Jewellery
 a - a ring of flight (left tentacle)
Scrolls
 o - a scroll of magic mapping
Potions
 c - a potion of cancellation


   Skills:
 + Level 1.4 Fighting
 + Level 2.4 Dodging
 + Level 3.5 Stealth
 + Level 0.9 Shields
 * Level 3.0 Spellcasting
 * Level 1.5 Conjurations
 - Level 1.0 Transmutations
 * Level 3.9 Earth Magic


You had 6 spell levels left.
You knew the following spells:

 Your Spells              Type           Power      Damage    Failure   Level
a - Sandblast             Erth           52%        2d12      3%          1
b - Stone Arrow           Conj/Erth      38%        3d9       14%         3

Your spell library contained the following spells:

 Spells                   Type           Power      Damage    Failure   Level
 Passwall                 Tmut/Erth      15%        N/A       9%          2
 Animate Skeleton         Necr           8%         N/A       16%         1
 Pain                     Necr           16%        1d4       16%         1
 Vampiric Draining        Necr           4%         2d6       41%         3
 Petrify                  Tmut/Erth      18%        N/A       50%         4


Dungeon Overview and Level Annotations

Branches:
Dungeon (6/15)
 Temple: D:4-7

Altars:
Elyvilon
Qazlal


Innate Abilities, Weirdness & Mutations

You cannot wear most types of armour.
You are amphibious.
You can wear up to eight rings at the same time.
Your skin changes colour to match your surroundings (Stealth+).
Your rubbery body absorbs attacks. (AC +1, EV +1)
((You are camouflaged when in or above water. (Stealth+)))
You have tentacles for arms and can constrict up to eight enemies at once.


Message History

* * * LOW HITPOINT WARNING * * *
The centaur skeleton is attracted toward you.
The orc is attracted toward you.
An adder comes into view.
The adder hisses angrily.
The orc's inner flame fades away.
A jackal comes into view.
The centaur skeleton is attracted toward you.
The adder is attracted toward you. The jackal is attracted toward you.
It was a potion of brilliance.
You feel clever all of a sudden.
A jackal comes into view.
The orc misses you.
A gnoll comes into view. It is wielding a +0 whip.
The jackal is attracted toward you. The gnoll is attracted toward you.
The jackal is attracted toward you.
As you read the scroll labelled GIXZEA ETROOR, it crumbles to dust.
You speak a Word of immense power!
The centaur skeleton convulses!
You destroy the centaur skeleton!
It was a scroll of holy word.
The orc barely misses you. The adder completely misses you.
The jackal is attracted toward you. The gnoll is attracted toward you.
The jackal is attracted toward you.
Unknown command.
Unknown command.
Unknown command.
As you read the scroll labelled DIODUF BEUM, it crumbles to dust.
It is a scroll of identify.
q - a scroll of blinking The jackal barks!
The gnoll shouts!
The jackal barks!
You hear a shout!
The adder barely misses you. The orc hits you with a +0 mace.
* * * LOW HITPOINT WARNING * * *
Unknown command.
Blink to where?
Press: ? - help, Dir - move target
As you read the scroll of blinking, it crumbles to dust.
The jackal is attracted toward you. The gnoll is attracted toward you.
The jackal is attracted toward you. Something is attracted toward you. x2
As you read the scroll labelled BAOLAMIERPH, it crumbles to dust.
The scroll dissolves into smoke.
It was a scroll of fog.
The jackal bites you.
You die...

#++++##########
...............
≈....≈≈≈≈≈≈≈≈≈≈
≈....≈≈≈≈≈≈≈≈≈≈
≈....§≈≈§≈≈≈≈≈≈
......§§§§.....
#§@§......
#....h#####.##
#####g# #h#
#### #.#
....... #h#
....... #S#
..).... #o#
....... #.#


You could see a gnoll and a jackal.

Vanquished Creatures
  A bullfrog (D:4)
  A centaur skeleton (D:5)
  2 adders
  2 worms (D:2)
  2 dart slugs
  2 orcs (D:3)
  4 endoplasms
  3 giant cockroaches
  5 goblins
  5 jackals (D:2)
  5 kobolds
  A quokka (D:2)
  7 ball pythons
  6 bats
  A frilled lizard (D:1)
  6 rats
53 creatures vanquished.

Notes
Turn   | Place    | Note
-------+----------+-------------------------------------------
     0 | D:1      | Kaptain the Octopode Earth Elementalist began the quest for
                  | the Orb.
     0 | D:1      | Reached XP level 1. HP: 11/11 MP: 3/3
   400 | D:1      | Reached XP level 2. HP: 16/17 MP: 3/5
  1013 | D:2      | Reached XP level 3. HP: 19/22 MP: 6/6
  1020 | D:2      | Learned a level 3 spell: Stone Arrow
  1973 | D:2      | Reached skill level 1 in Fighting
  2140 | D:3      | Reached XP level 4. HP: 28/28 MP: 7/7
  2221 | D:3      | Found a white marble altar of Elyvilon.
  2419 | D:3      | Found a faded altar of an unknown god.
  2535 | D:3      | Found a stormy altar of Qazlal.
  3078 | D:4      | Noticed a bullfrog
  3087 | D:4      | Killed a bullfrog
  3088 | D:4      | Reached skill level 1 in Conjurations
  3088 | D:4      | Reached XP level 5. HP: 9/33 MP: 6/9
  3409 | D:4      | You are sucked into a shaft and drop 2 floors!
  3410 | D:6      | Noticed an ogre
  3433 | D:5      | Entered Level 5 of the Dungeon
  3450 | D:5      | Slain by a jackal

Illustrated notes

Levels and vault maps discovered:
D:1:      elethiomel_arrival_fortress_basement, layout_loops_cross, minivault_26
D:2:      minmay_inner_zag, layout_basic, kennysheep_nub, nrook_mini_vaults
D:3:      layout_basic, elyvilon_altar_4, nicolae_qazlal_scattered_showers,
          serial_forest, infiniplex_forest_end_3,
          infiniplex_forest_lined_room_2, infiniplex_forest_lined_2,
          infiniplex_forest_lined_2, infiniplex_forest_straight_4,
          infiniplex_forest_clump_small, infiniplex_forest_join,
          hellmonk_ecumenical_altar_blasted
D:4:      layout_basic, lemuel_coloured_pillars_altar
D:5:      lemuel_castle_with_subvaults [lemuel_castle_interior_original],
          layout_rooms, mainiacjoe_overflow_small_starburst, nrook_campfire
D:6:      layout_rooms, gup_sewer_entry_bubbles, kb_rosetta

Skill      XL: |  1  2  3  4 |
---------------+-------------+-----
Stealth        | 3 |  3.5
Fighting       | 1 |  1.4
Spellcasting   | 3 |  3.0
Conjurations   | 1 |  1.5
Dodging        | |  2.4
Shields        | |  0.9
Transmutations | |  1.0
Earth Magic    | |  3.9

Action                   |  1- 3 |  4- 6 || total
-------------------------+-------+-------++-------
Melee: Spear             |     1 |       ||     1
       Dagger            |    37 |     4 ||    41
       Tentacles         |    11 |       ||    11
       Constrict         |     6 |     2 ||     8
       Short sword       |     1 |       ||     1
       Punch             |     1 |     1 ||     2
Throw: Dart              |    18 |       ||    18
 Cast: Sandblast         |    22 |    15 ||    37
  Use: Scroll            |       |     9 ||     9
       Potion            |       |     5 ||     5
 Stab: Sleeping          |     7 |     2 ||     9
Armor: Skin              |     2 |       ||     2
Dodge: Dodged            |    32 |    11 ||    43
